[Event "*** Titled Tuesday Blitz"]
[Site "Chess.com"]
[Date "2021.04.06"]
[Round "1"]
[White "BlueWizzard"]
[Black "volkanyirik"]
[Result "1-0"]
[WhiteElo "2773"]
[BlackElo "2413"]
[TimeControl "180+1"]
[EndTime "10:01:22 PDT"]
[Termination "BlueWizzard won by resignation"]

1. d4 Nf6 2. Nc3 d5 3. Bg5 e6 4. a3 c5 5. e3 Nc6 6. Nf3 Be7 7. dxc5 Bxc5 8. Bd3 O-O 9. Qe2 h6 10. Bh4 Be7 11.
Rd1 a6 12. O-O Qc7 13. e4 dxe4 14. Nxe4 Nd5 15. Bg3 Qd8 16. c4 Nc7 17. Bc2 Qe8 18. Bxc7 1-0

[Event "*** Titled Tuesday Blitz"]
[Site "Chess.com"]
[Date "2021.04.06"]
[Round "1"]
[White "profofchess"]
[Black "Maddie"]
[Result "1-0"]
[WhiteElo "2503"]
[BlackElo "2071"]
[TimeControl "180+1"]
[EndTime "10:01:28 PDT"]
[Termination "profofchess won by checkmate"]

1. e4 c6 2. Nf3 d5 3. Nc3 dxe4 4. Nxe4 Nd7 5. Bc4 Ngf6 6. Neg5 e6 7. Qe2 Be7 8. Nxf7 Kxf7 9. Qxe6+ Kg6 10. Qf7+ Kf5 11. Be6+ Ke4 12. d3# 1-0

[Event "*** Titled Tuesday Blitz"]
[Site "Chess.com"]
[Date "2021.04.06"]
[Round "1"]
[White "Triumphmate"]
[Black "GM_Crest"]
[Result "0-1"]
[WhiteElo "2372"]
[BlackElo "2689"]
[TimeControl "180+1"]
[EndTime "10:01:36 PDT"]
[Termination "GM_Crest won by resignation"]

1. e4 c5 2. Nf3 d6 3. d4 Nf6 4. Nc3 cxd4 5. Nxd4 a6 6. f4 e6 7. Nf3 Nc6 8. Bd3 b5 9. a3 Bb7 10. O-O Be7 11. Kh1 O-O 12. Qe1 b4 13. axb4 Nxb4 14.
Bd2 a5 15. Qg3 d5 16. e5 Ne4 17. Rae1 Nxg3+ 0-1

[Event "*** Titled Tuesday Blitz"]
[Site "Chess.com"]
[Date "2021.04.06"]
[Round "1"]
[White "zurzan"]
[Black "Ural_bogatyr"]
[Result "0-1"]
[WhiteElo "1985"]
[BlackElo "2486"]
[TimeControl "180+1"]
[EndTime "10:01:38 PDT"]
[Termination "Ural_bogatyr won by resignation"]

1. f4 e5 2. fxe5 d6 3. exd6 Bxd6 4. Nf3 g5 5. g3 g4 6. Nh4 Ne7 7. d4 Ng6 8. Nxg6 hxg6 9. Qd3 Nc6 10. c3 Qe7 11. e4 Bf5 12. Bg2 O-O-O 13. O-O Rxh2 14. Bf4 Rxg2+ 15. Kxg2 Bxe4+ 0-1

[Event "*** Titled Tuesday Blitz"]
[Site "Chess.com"]
[Date "2021.04.06"]
[Round "1"]
[White "Benjoneliere44"]
[Black "Ceejay271"]
[Result "1-0"]
[WhiteElo "2627"]
[BlackElo "2328"]
[TimeControl "180+1"]
[EndTime "10:01:53 PDT"]
[Termination "Benjoneliere44 won by resignation"]

1. e4 c5 2. Nc3 Nc6 3. g3 g6 4. Bg2 Bg7 5. d3 d6 6. Be3 e5 7. Qd2 Nge7 8. h4 Be6 9. h5 f5 10. Nd5 Qd7 11. h6 Bxd5 12. hxg7 1-0

[Event "*** Titled Tuesday Blitz"]
[Site "Chess.com"]
[Date "2021.04.06"]
[Round "1"]
[White "Oglob71"]
[Black "Fy_Rakotomaharo"]
[Result "0-1"]
[WhiteElo "2375"]
[BlackElo "2693"]
[TimeControl "180+1"]
[EndTime "10:02:40 PDT"]
[Termination "Fy_Rakotomaharo won by resignation"]

1. Nf3 c5 2. c4 Nc6 3. g3 e5 4. Bg2 g6 5. O-O Bg7 6. Nc3 Nge7 7. d3 O-O 8. Ne1 d6 9. Nc2 Be6 10. Ne3 Rb8 11. Ned5 h6 12. Rb1 Qd7 13. a3 Bh3 14. b4 Bxg2 15. Kxg2 f5 16. f4 Nxd5 17. Nxd5 Rbe8 18. e3 b6 19. b5 Ne7 20. Qf3 Kh7 21.
Nxe7 Rxe7 22. Bd2 e4 23. dxe4 Rxe4 24. Qe2 d5 25. Rfd1 Rxc4 26. Bc1 Qe6 27. Bb2 Qe4+ 28. Kg1 Rc2 29. Qf1 Qxe3+ 0-1

[Event "*** Titled Tuesday Blitz"]
[Site "Chess.com"]
[Date "2021.04.06"]
[Round "1"]
[White "Kretov_Evgenij"]
[Black "Konek-Gorbunok"]
[Result "1-0"]
[WhiteElo "2616"]
[BlackElo "2320"]
[TimeControl "180+1"]
[EndTime "10:02:46 PDT"]
[Termination "Kretov_Evgenij won by resignation"]

1. d4 d5 2. c4 e6 3. Nc3 c6 4. e3 Be7 5. Nf3 f5 6. Bd3 Nf6 7. Nd2 O-O 8. O-O Ne4 9. f3 Nxd2 10.
Bxd2 Nd7 11. Be1 Nf6 12. Bg3 Bd7 13. Rb1 Be8 14. b4 Rc8 15. c5 b6 16. Ba6 Bd7 17. Bxc8 Qxc8 18. Qe2 b5 19. a4 a6 20. axb5 axb5 21.
Ra1 Qb7 22. Ra3 1-0

[Event "*** Titled Tuesday Blitz"]
[Site "Chess.com"]
[Date "2021.04.06"]
[Round "1"]
[White "INDIAN-ELEPHANT"]
[Black "mr_gustavo"]
[Result "1-0"]
[WhiteElo "2699"]
[BlackElo "2377"]
[TimeControl "180+1"]
[EndTime "10:02:52 PDT"]
[Termination "INDIAN-ELEPHANT won by resignation"]

1. d4 Nf6 2. Nf3 e6 3. Bg5 d5 4. Nbd2 Be7 5. e3 O-O 6. Bd3 h6 7. Bh4 c5 8. c3 Nc6 9. O-O Qc7 10. Bg3 Bd6 11. dxc5 Bxg3 12. hxg3 a5 13. e4 Ne5 14.
Nxe5 Qxe5 15. f4 Qc7 16. e5 Qxc5+ 17. Kh2 Nd7 18. Nb3 Qc7 19. Nd4 b6 20. Qe2 Nc5 21.
Bb5 Ba6 22. Bxa6 Nxa6 23. f5 exf5 24. Nxf5 Nc5 25. Qg4 Qxe5 26. Nxh6+ Kh7 27. Nxf7 Qe7 28. Qh5+ 1-0

[Event "*** Titled Tuesday Blitz"]
[Site "Chess.com"]
[Date "2021.04.06"]
[Round "1"]
[White "Blitzking642"]
[Black "hansen"]
[Result "0-1"]
[WhiteElo "2442"]
[BlackElo "2843"]
[TimeControl "180+1"]
[EndTime "10:02:57 PDT"]
[Termination "hansen won by resignation"]

1. e4 c5 2. Nf3 e6 3. d4 cxd4 4. Nxd4 a6 5. c4 Nf6 6. Nc3 Qc7 7. Be2 Bb4 8. Qd3 Nc6 9. Nxc6 dxc6 10. a3 Be7 11. O-O e5 12. f4 Be6 13. fxe5 Qxe5 14. Bf4 Qc5+ 15. Be3 Qd6 16. c5 Qxd3 17. Bxd3 Ng4 18.
Bd4 O-O-O 19. Ne2 Rxd4 20. Nxd4 Bxc5 21. h3 Bxd4+ 22. Kh1 Nf2+ 0-1

[Event "*** Titled Tuesday Blitz"]
[Site "Chess.com"]
[Date "2021.04.06"]
[Round "1"]
[White "NoboaKevin1999"]
[Black "shreyansshah123"]
[Result "1-0"]
[WhiteElo "2478"]
[BlackElo "1632"]
[TimeControl "180+1"]
[EndTime "10:03:11 PDT"]
[Termination "NoboaKevin1999 won by resignation"]

1. e4 c6 2. d4 d5 3. exd5 cxd5 4.
c4 Nf6 5. Nc3 e6 6. Nf3 Bb4 7.
cxd5 Nxd5 8. Bd2 Nc6 9. Bd3 Bd7 10. O-O O-O 11. Re1 Nxc3 12. bxc3 Bd6 13. Rc1 Ne7 14. Bb1 Ng6 15. c4 Bb8 16. Qc2 Qc7 17. Qd3 Bc6 18. d5 exd5 19. cxd5 Rd8 20. Bb4 a5 21. Ba3 b5 22. Rxc6 Qf4 23. Bc1 Qg4 24.
Qxb5 Nh4 25. Nxh4 Qxh4 26. g3 Qb4 27. Qxb4 axb4 28. h4 1-0

[Event "*** Titled Tuesday Blitz"]
[Site "Chess.com"]
[Date "2021.04.06"]
[Round "1"]
[White "Beca95"]
[Black "sakkikuska"]
[Result "1-0"]
[WhiteElo "2917"]
[BlackElo "2460"]
[TimeControl "180+1"]
[EndTime "10:03:17 PDT"]
[Termination "Beca95 won by resignation"]

1. d4 Nf6 2. c4 g6 3. Nc3 d5 4. Nf3 Bg7 5. Qb3 dxc4 6. Qxc4 O-O 7. e4 Nc6 8. Be3 Bg4 9. e5 Nd7 10. O-O-O Nb6 11. Qc5 Nd7 12. Qa3 a6 13. h3 Bxf3 14. gxf3 b5 15. Qb3 Na5 16. Qc2 Nc4 17. Bxc4 bxc4 18. f4 Nb6 19. d5 Qd7 20. h4 Rfd8 21. h5 c6 22. Bxb6 1-0

[Event "*** Titled Tuesday Blitz"]
[Site "Chess.com"]
[Date "2021.04.06"]
[Round "1"]
[White "alexrustemov"]
[Black "andrewtnb"]
[Result "1-0"]
[WhiteElo "2664"]
[BlackElo "2359"]
[TimeControl "180+1"]
[EndTime "10:03:17 PDT"]
[Termination "alexrustemov won by resignation"]

1. d4 d5 2. c4 dxc4 3. e3 Nf6 4. Bxc4 e6 5. Nf3 c5 6. O-O a6 7. e4 b5 8. Bd3 Bb7 9. Bg5 h6 10. Bxf6 Qxf6 11. a4 c4 12. Bc2 Bb4 13. axb5 axb5 14. Rxa8 Bxa8 15. Nc3 Bc6 16. Ne5 O-O 17.
Nxc6 Nxc6 18. Nxb5 Nxd4 19. Qxd4 1-0

[Event "*** Titled Tuesday Blitz"]
[Site "Chess.com"]
[Date "2021.04.06"]
[Round "1"]
[White "isla88"]
[Black "gahryman"]
[Result "0-1"]
[WhiteElo "2409"]
[BlackElo "2755"]
[TimeControl "180+1"]
[EndTime "10:03:25 PDT"]
[Termination "gahryman won by resignation"]

1. c4 Nf6 2. Nc3 g6 3. g3 Bg7 4.
Bg2 O-O 5. e3 d6 6. Nge2 e5 7.
O-O Nbd7 8. d4 c6 9. b3 Re8 10.
Ba3 Bf8 11. Rc1 exd4 12. Nxd4 Nc5 13. Bxc5 dxc5 14. Nf3 Qa5 15. Qd2 Bg7 16. Nd5 Qxd2 17. Nxf6+ Bxf6 18. Nxd2 a5 19. Ne4 Be7 20. Rfd1 a4 21.
Nd6 Bxd6 22. Rxd6 axb3 23. axb3 Bf5 24. h3 h5 25. Kh2 Ra2 26. Kg1 Rb2 27. Rcd1 Rxb3 28.
Rd8 Rxd8 29. Rxd8+ Kg7 30. Rb8 Bd3 31. Bxc6 Rb1+ 32. Kg2 bxc6 0-1

[Event "*** Titled Tuesday Blitz"]
[Site "Chess.com"]
[Date "2021.04.06"]
[Round "1"]
[White "WonderChampion"]
[Black "ChessAurochs"]
[Result "0-1"]
[WhiteElo "2127"]
[BlackElo "2515"]
[TimeControl "180+1"]
[EndTime "10:03:30 PDT"]
[Termination "ChessAurochs won by resignation"]

1. d4 Nf6 2. Bg5 d5 3. Nd2 e6 4. Ngf3 c5 5. e3 Nc6 6. c3 Bd7 7. Bb5 Qb6 8. Bxc6 Bxc6 9. Bxf6 gxf6 10. Rb1 Rg8 11. g3 Bb5 12. a4 Bd3 13. Rc1 Qxb2 14.
Nb3 Be4 15. Nbd2 f5 16. a5 Rc8 17. Nxe4 fxe4 18. Ne5 Qb5 19. Ra1 cxd4 20. cxd4 Bb4+ 0-1

[Event "*** Titled Tuesday Blitz"]
[Site "Chess.com"]
[Date "2021.04.06"]
[Round "1"]
[White "TengisChess"]
[Black "Larciano"]
[Result "1-0"]
[WhiteElo "2487"]
[BlackElo "1994"]
[TimeControl "180+1"]
[EndTime "10:03:30 PDT"]
[Termination "TengisChess won by resignation"]

1. e4 e5 2. Nf3 Nc6 3. Bc4 Nf6 4. d3 Bc5 5. Be3 Bb6 6. O-O d6 7. h3 O-O 8. Nc3 h6 9. Nh2 Be6 10. Bb3 Ne7 11. Ng4 Nxg4 12. hxg4 Ng6 13. Nd5 Bxd5 14.
Bxd5 c6 15. Bb3 Qf6 16. g3 Bxe3 17. fxe3 Qg5 18. Qe2 Rad8 19. Rf5 Qe7 20. g5 hxg5 21. Qh5 d5 22. Kg2 Nh4+ 23. gxh4 g6 24. Qxg5 Qxg5+ 25. Rxg5 1-0

[Event "*** Titled Tuesday Blitz"]
[Site "Chess.com"]
[Date "2021.04.06"]
[Round "1"]
[White "nss13"]
[Black "dmjjmd"]
[Result "1/2-1/2"]
[WhiteElo "2540"]
[BlackElo "2238"]
[TimeControl "180+1"]
[EndTime "10:03:33 PDT"]
[Termination "Game drawn by repetition"]

1. e4 e5 2. Nf3 Nc6 3. Bb5 a6 4. Ba4 Nf6 5. O-O b5 6. Bb3 Bc5 7. a4 Rb8 8. axb5 axb5 9. Nxe5 Nxe5 10. d4 Bxd4 11. Qxd4 d6 12. f4 c5 13. Qd1 Neg4 14. e5 c4 15. exf6 Qb6+ 16. Kh1 Nf2+ 17. Rxf2 Qxf2 18.
Ba2 Bb7 19. Qg1 Bxg2+ 20. Qxg2 Qe1+ 21. Qg1 Qe4+ 22. Qg2 Qe1+ 23. Qg1 Qe4+ 24. Qg2 Qe1+ 1/2-1/2

[Event "*** Titled Tuesday Blitz"]
[Site "Chess.com"]
[Date "2021.04.06"]
[Round "1"]
[White "anasta10"]
[Black "lanita_1408"]
[Result "1-0"]
[WhiteElo "2520"]
[BlackElo "2141"]
[TimeControl "180+1"]
[EndTime "10:03:38 PDT"]
[Termination "anasta10 won by resignation"]

1. d4 Nf6 2. c4 e6 3. Nc3 Bb4 4. Nf3 d5 5. g3 dxc4 6. Bg2 Nc6 7.
O-O O-O 8. Qa4 a6 9. Rd1 Bd7 10. Qc2 Qe7 11. e4 e5 12. dxe5 Nxe5 13. Nxe5 Qxe5 14.
Bf4 Qe7 15. e5 Ng4 16. Nd5 Qc5 17. Nxb4 Qxb4 18. Rxd7 Rad8 19. Rxd8 Rxd8 20. h3 Nh6 21. Bxh6 gxh6 22. a3 Qc5 23. Re1 b5 24. Qf5 1-0

[Event "*** Titled Tuesday Blitz"]
[Site "Chess.com"]
[Date "2021.04.06"]
[Round "1"]
[White "kleopl"]
[Black "vrekhson"]
[Result "1-0"]
[WhiteElo "2552"]
[BlackElo "2229"]
[TimeControl "180+1"]
[EndTime "10:03:43 PDT"]
[Termination "kleopl won by resignation"]

1. e4 c5 2. Nc3 a6 3. d4 cxd4 4. Qxd4 Nc6 5. Qd2 e6 6. f3 d6 7. b3 Nf6 8. Bb2 Be7 9. O-O-O O-O 10. g4 b5 11. Kb1 Bb7 12. h4 Qc7 13. h5 Nd7 14. g5 b4 15. Na4 Nce5 16. Qxb4 d5 17. Qxe7 Bc6 18. Nc3 d4 19. Rxd4 Rfe8 20. Qa3 Nb6 21.
Qd6 Qb7 22. Qxe5 1-0

[Event "*** Titled Tuesday Blitz"]
[Site "Chess.com"]
[Date "2021.04.06"]
[Round "1"]
[White "FMnotanIM"]
[Black "Godzillator"]
[Result "1-0"]
[WhiteElo "2601"]
[BlackElo "2296"]
[TimeControl "180+1"]
[EndTime "10:03:44 PDT"]
[Termination "FMnotanIM won by resignation"]

1. e4 c6 2. d4 d5 3. exd5 cxd5 4.
c4 Nf6 5. Nc3 e6 6. Nf3 Bb4 7.
Bg5 Qa5 8. Qb3 Ne4 9. Bd2 Nxd2 10. Nxd2 Nc6 11. Nf3 dxc4 12. Bxc4 O-O 13. O-O Qc7 14. Bd3 a6 15. Rac1 Bd6 16. d5 Na5 17. Qa4 b5 18. Nxb5 axb5 19. Qh4 g6 20. Rxc7 Bxc7 21. dxe6 Bxe6 22. Ng5 h5 23. Nxe6 fxe6 24. Bxg6 Kg7 25. Bxh5 Bf4 26. Qg4+ Kh8 27. g3 Bh6 28. Qxe6 Nc4 29. Qxh6+ 1-0

[Event "*** Titled Tuesday Blitz"]
[Site "Chess.com"]
[Date "2021.04.06"]
[Round "1"]
[White "Chessdude1987"]
[Black "Skatchkov_V"]
[Result "0-1"]
[WhiteElo "2290"]
[BlackElo "2600"]
[TimeControl "180+1"]
[EndTime "10:03:51 PDT"]
[Termination "Skatchkov_V won by resignation"]

1. d4 d5 2. Nf3 c6 3. g3 Nf6 4. Bg2 Bf5 5. O-O e6 6. Nbd2 h6 7. c4 Nbd7 8. b3 Bd6 9. Bb2 O-O 10.
Ne5 Bxe5 11. dxe5 Ng4 12. Nf3 Be4 13. Re1 h5 14. h3 Nh6 15. Nd4 Bxg2 16. Kxg2 Nxe5 17.
Nxe6 fxe6 18. Bxe5 Qg5 19. f4 Qg6 20. Qd3 Nf5 21.
e4 dxe4 22. Qc3 Rad8 23. Rad1 Nh4+ 24. Kh1 Nf3 25. Rg1 Rxd1 26. Rxd1 Qxg3 27. f5 Qxh3+ 0-1

[Event "*** Titled Tuesday Blitz"]
[Site "Chess.com"]
[Date "2021.04.06"]
[Round "1"]
[White "The_filthy"]
[Black "Kildepiotr"]
[Result "1/2-1/2"]
[WhiteElo "2357"]
[BlackElo "2648"]
[TimeControl "180+1"]
[EndTime "10:03:54 PDT"]
[Termination "Game drawn by repetition"]

1. e4 g6 2. d4 Bg7 3. Nc3 c6 4. Be3 d5 5. Nf3 dxe4 6. Nxe4 Nf6 7. Nxf6+ Bxf6 8. Bh6 Be6 9. Be2 Nd7 10. O-O Nb6 11. c3 Bc4 12. b3 Bxe2 13. Qxe2 Qd7 14. Ne5 Bxe5 15. Qxe5 O-O-O 16. Rfe1 Nd5 17. c4 f6 18. Qe2 Nc7 19. Qxe7 Qxd4 20. Be3 Qd6 21. Bxa7 Rhe8 22. Qxd6 Rxe1+ 23. Rxe1 Rxd6 24. Kf1 Rd2 25. Re2 Rd1+ 26. Re1 Rd2 27. Re2 Rd1+ 28. Re1 Rd2 1/2-1/2

[Event "*** Titled Tuesday Blitz"]
[Site "Chess.com"]
[Date "2021.04.06"]
[Round "1"]
[White "friesnielsen2302"]
[Black "Susik_Gaboyan"]
[Result "0-1"]
[WhiteElo "2554"]
[BlackElo "2275"]
[TimeControl "180+1"]
[EndTime "10:04:08 PDT"]
[Termination "Susik_Gaboyan won by checkmate"]

1. e4 c6 2. d3 d5 3. Nd2 e5 4. Ngf3 Bd6 5. Be2 Nf6 6. O-O O-O 7. b3 dxe4 8. dxe4 Bg4 9. h3 Bh5 10. Nh4 Bg6 11. Nf5 Bb4 12. Ng3 Bc3 13. Rb1 Bxd2 14. Bxd2 Nxe4 15. Nxe4 Bxe4 16. Bc3 Qe7 17. Re1 Qg5 18. Qc1 Qxg2# 0-1

[Event "*** Titled Tuesday Blitz"]
[Site "Chess.com"]
[Date "2021.04.06"]
[Round "1"]
[White "schondeln"]
[Black "AndrewMaco"]
[Result "1-0"]
[WhiteElo "2379"]
[BlackElo "2653"]
[TimeControl "180+1"]
[EndTime "10:04:11 PDT"]
[Termination "schondeln won by resignation"]

1. e4 c5 2. Nf3 d6 3. Bc4 Nc6 4. O-O Nf6 5. Re1 e6 6. Bb3 a6 7. c3 b5 8. d4 cxd4 9. cxd4 Bb7 10.
Nc3 Be7 11. d5 exd5 12. Nxd5 O-O 13. Bf4 Na5 14. Nxe7+ Qxe7 15. Bxd6 Qe8 16. Bxf8 Qxf8 17. Bc2 Nc4 18. b3 Na3 19. Bd3 Rd8 20. Qe2 h6 21. Rad1 Re8 22. e5 Ng4 23. Be4 Bxe4 24. Qxe4 f5 25.
Qd5+ 1-0

[Event "*** Titled Tuesday Blitz"]
[Site "Chess.com"]
[Date "2021.04.06"]
[Round "1"]
[White "kingnb"]
[Black "Fraler15"]
[Result "1-0"]
[WhiteElo "2562"]
[BlackElo "2238"]
[TimeControl "180+1"]
[EndTime "10:04:14 PDT"]
[Termination "kingnb won by resignation"]

1. d4 Nf6 2. Nf3 e6 3. Nbd2 d5 4. e3 Bd6 5. Bd3 O-O 6. O-O b6 7. e4 dxe4 8. Nxe4 Be7 9. Nxf6+ Bxf6 10. Be4 c6 11. c3 Bb7 12. Bf4 Nd7 13. Qc2 g6 14.
Rad1 Bg7 15. Rfe1 Qc8 16. h4 c5 17. d5 exd5 18. Bxd5 Bxd5 19. Rxd5 Nf6 20. Rdd1 Qg4 21. Bg3 Rfe8 22. Ne5 Qe6 23. Qb3 Qxb3 24. axb3 Nh5 25. Bh2 Rad8 26. Rxd8 Rxd8 27. Nf3 Bf6 28. g4 Rd3 29.
Re8+ Kg7 30. Kg2 1-0

[Event "*** Titled Tuesday Blitz"]
[Site "Chess.com"]
[Date "2021.04.06"]
[Round "1"]
[White "dennisodessa"]
[Black "AlexPapasimakopoulos"]
[Result "0-1"]
[WhiteElo "2318"]
[BlackElo "2614"]
[TimeControl "180+1"]
[EndTime "10:04:20 PDT"]
[Termination "AlexPapasimakopoulos won on time"]

1. d4 f5 2. c4 Nf6 3. Nc3 d6 4. g3 g6 5. Bg2 Bg7 6. Nf3 O-O 7.
O-O e6 8. Re1 Ne4 9. Qc2 Nxc3 10. bxc3 Nc6 11. e4 e5 12. exf5 Bxf5 13. Qd2 Qd7 14.
dxe5 dxe5 15. Qxd7 Bxd7 16. Ng5 e4 0-1

[Event "*** Titled Tuesday Blitz"]
[Site "Chess.com"]
[Date "2021.04.06"]
[Round "1"]
[White "Tejas_Rama"]
[Black "NateSolon"]
[Result "0-1"]
[WhiteElo "2302"]
[BlackElo "2604"]
[TimeControl "180+1"]
[EndTime "10:04:20 PDT"]
[Termination "NateSolon won by resignation"]

1. Nf3 d5 2. b3 Bf5 3. Bb2 e6 4. g3 Nf6 5. Bg2 c5 6. O-O Nc6 7. d4 Rc8 8. dxc5 Bxc5 9. Nbd2 O-O 10. c4 d4 11. Nh4 Bg4 12. h3 Bh5 13. g4 Bg6 14.
Nxg6 hxg6 15. Ne4 Nxe4 16. Bxe4 f5 17. Bf3 Qh4 18. Kg2 Rcd8 19. Qd2 Ne5 20. Qf4 fxg4 21.
Qxe5 Qxh3+ 22. Kg1 gxf3 23. exf3 Bd6 0-1

[Event "*** Titled Tuesday Blitz"]
[Site "Chess.com"]
[Date "2021.04.06"]
[Round "1"]
[White "KNCP_719"]
[Black "AniJak"]
[Result "1-0"]
[WhiteElo "2600"]
[BlackElo "2291"]
[TimeControl "180+1"]
[EndTime "10:04:20 PDT"]
[Termination "KNCP_719 won by resignation"]

1. e4 c6 2. c4 d5 3. cxd5 cxd5 4.
exd5 Nf6 5. Qa4+ Bd7 6. Qb3 Qb6 7. Nc3 Na6 8. Nf3 Qxb3 9. axb3 Nc5 10. Bc4 Bg4 11. Ne5 Bh5 12. d4 Ncd7 13. Nb5 O-O-O 14. Nxa7+ Kb8 15. Bf4 g5 16. Nxd7+ 1-0

[Event "*** Titled Tuesday Blitz"]
[Site "Chess.com"]
[Date "2021.04.06"]
[Round "1"]
[White "NishaOnYoutube"]
[Black "UKR_Master"]
[Result "1-0"]
[WhiteElo "2251"]
[BlackElo "2527"]
[TimeControl "180+1"]
[EndTime "10:04:33 PDT"]
[Termination "NishaOnYoutube won by resignation"]

1. e4 c5 2. c3 Nf6 3. e5 Nd5 4. Nf3 e6 5. Bc4 Nb6 6. Bb3 d6 7. O-O Nc6 8. d4 cxd4 9. cxd4 dxe5 10. dxe5 Qxd1 11. Rxd1 Nd7 12. Bf4 Nc5 13. Nc3 a6 14. Bc2 Bd7 15. a3 b6 16. b4 Nb7 17. Na4 b5 18. Rxd7 Kxd7 19. Nb6+ Kc7 20. Nxa8+ Kb8 21. Nb6 Kc7 22. Be3 Be7 23. Rd1 1-0

[Event "*** Titled Tuesday Blitz"]
[Site "Chess.com"]
[Date "2021.04.06"]
[Round "1"]
[White "AlexSuv"]
[Black "NaciSAN"]
[Result "1-0"]
[WhiteElo "2572"]
[BlackElo "2260"]
[TimeControl "180+1"]
[EndTime "10:04:34 PDT"]
[Termination "AlexSuv won by resignation"]

1. d4 Nf6 2. Nf3 g6 3. c4 Bg7 4. Nc3 O-O 5. e4 d6 6. Be2 e5 7. Be3 exd4 8. Nxd4 Re8 9. f3 c6 10. Bf2 d5 11. exd5 cxd5 12. O-O Nc6 13. c5 a6 14. Re1 Nxd4 15. Bxd4 Be6 16. Qd2 Rc8 17. Rad1 Nd7 18. b4 Bxd4+ 19. Qxd4 Nf6 20. Bd3 h5 21.
Bc2 Re7 22. Qxf6 1-0

[Event "*** Titled Tuesday Blitz"]
[Site "Chess.com"]
[Date "2021.04.06"]
[Round "1"]
[White "SaqoChess_Twitch"]
[Black "ChessWarrior7197"]
[Result "0-1"]
[WhiteElo "2460"]
[BlackElo "2922"]
[TimeControl "180+1"]
[EndTime "10:04:36 PDT"]
[Termination "ChessWarrior7197 won by resignation"]

1. d4 Nf6 2. e3 c5 3. Nf3 g6 4.
Be2 Bg7 5. O-O O-O 6. b3 b6 7. Bb2 Bb7 8. Nbd2 d6 9. c4 Nbd7 10. Qc2 e6 11. Rac1 Qe7 12. Rfd1 Rac8 13. Qb1 Rfd8 14. Qa1 Ne8 15. dxc5 bxc5 16. Nf1 f5 17. Bxg7 Nxg7 18. Qc3 g5 19. Qa5 g4 20. Ne1 Ne5 21. Nd3 Ng6 22. Nf4 Nxf4 23. exf4 Nh5 24. g3 Nf6 25. Ne3 h5 26. h4 gxh3 27. Kh2 Ng4+ 28. Nxg4 hxg4 29. Qc3 e5 30. fxe5 Qxe5 31. Qxe5 dxe5 32.
Bd3 Bf3 33. Bxf5 Bxd1 34. Bxc8 Rd2 35. Rxd1 Rxd1 36. Bxg4 Rd2 37. Kxh3 Rxf2 38. Be6+ Kg7 39. Kg4 e4 40. Bd5 e3 41. Bf3 e2 0-1

[Event "*** Titled Tuesday Blitz"]
[Site "Chess.com"]
[Date "2021.04.06"]
[Round "1"]
[White "Arseniy_Nesterov"]
[Black "fabianvivasz"]
[Result "1-0"]
[WhiteElo "2781"]
[BlackElo "2418"]
[TimeControl "180+1"]
[EndTime "10:04:40 PDT"]
[Termination "Arseniy_Nesterov won on time"]

1. d4 Nf6 2. c4 g6 3. Nc3 d5 4. cxd5 Nxd5 5. e4 Nxc3 6. bxc3 Bg7 7. Qa4+ Nd7 8. Nf3 O-O 9. Be2 c5 10. O-O cxd4 11. cxd4 Nc5 12. dxc5 Bxa1 13. e5 Qd7 14. Qh4 Qg4 15. Qxe7 Be6 16. Bh6 Qf5 17. Bxf8 Bxe5 18.
Nxe5 Qxe5 19. Bh6 Qxe2 20. Qf6 1-0

[Event "*** Titled Tuesday Blitz"]
[Site "Chess.com"]
[Date "2021.04.06"]
[Round "1"]
[White "DaroZin"]
[Black "steka121"]
[Result "0-1"]
[WhiteElo "2587"]
[BlackElo "2315"]
[TimeControl "180+1"]
[EndTime "10:04:44 PDT"]
[Termination "steka121 won by resignation"]

1. e4 d5 2. exd5 Qxd5 3. d4 Nf6 4. c4 Qd8 5. Nc3 c6 6. Be2 Bf5 7. Nf3 e6 8. O-O Be7 9. Qb3 Qb6 10. h3 O-O 11. Bf4 Nbd7 12. Qxb6 axb6 13. a3 Ne4 14.
Rac1 Nxc3 15. Rxc3 Bf6 16. g4 Be4 17. g5 Bxf3 18.
Bxf3 Bxd4 19. Rb3 Nc5 20. Rxb6 Nd3 21. Bc7 Bxb6 22. Bxb6 Nxb2 23. Be2 Na4 24. Bc7 Rfc8 25. Bd6 Rd8 26. c5 Nc3 27. Bd3 Rxa3 28. Rc1 b5 0-1

[Event "*** Titled Tuesday Blitz"]
[Site "Chess.com"]
[Date "2021.04.06"]
[Round "1"]
[White "Kobalia"]
[Black "PowerThinking2650"]
[Result "1-0"]
[WhiteElo "2758"]
[BlackElo "2412"]
[TimeControl "180+1"]
[EndTime "10:04:47 PDT"]
[Termination "Kobalia won by resignation"]

1. e4 e5 2. Nf3 Nc6 3. Bb5 a6 4. Ba4 Nf6 5. O-O Be7 6. d3 b5 7.
Bb3 d6 8. a3 O-O 9. Nc3 Bg4 10.
Be3 Nd4 11. Bxd4 exd4 12. Nd5 c5 13. h3 Be6 14. Nxf6+ Bxf6 15. Bxe6 fxe6 16. a4 b4 17. Qe2 e5 18. g3 Ra7 19. c3 dxc3 20.
bxc3 a5 21. cxb4 axb4 22. Nd2 Qd7 23. Nc4 Qxh3 24. a5 Bh4 25. Qh5 g5 26. Nxd6 Rg7 27. Nf5 Rg6 28. a6 1-0

[Event "*** Titled Tuesday Blitz"]
[Site "Chess.com"]
[Date "2021.04.06"]
[Round "1"]
[White "elegant285"]
[Black "Susal_De_Silva"]
[Result "0-1"]
[WhiteElo "2370"]
[BlackElo "2683"]
[TimeControl "180+1"]
[EndTime "10:04:53 PDT"]
[Termination "Susal_De_Silva won by resignation"]

1. d4 Nf6 2. c4 e6 3. Nf3 b6 4. a3 Bb7 5. Nc3 g6 6. d5 Bg7 7. g3 exd5 8. cxd5 O-O 9. Bg2 d6 10. O-O Nbd7 11. Bf4 Re8 12. Rc1 Nc5 13. Nd4 Nfe4 14. b4 Nxc3 15. Rxc3 Ne4 16. Rd3 Bxd5 17. f3 Bxd4+ 18. Rxd4 Nc3 19. Qd3 Nxe2+ 20. Kh1 Nxd4 21. Qxd4 Bb7 22. Bh6 f6 23. Rc1 Qe7 24. Qc4+ Qf7 25. Qg4 Re7 26. h4 Rae8 27. h5 g5 0-1

[Event "*** Titled Tuesday Blitz"]
[Site "Chess.com"]
[Date "2021.04.06"]
[Round "1"]
[White "Durarbayli"]
[Black "Sueetin"]
[Result "1-0"]
[WhiteElo "2749"]
[BlackElo "2407"]
[TimeControl "180+1"]
[EndTime "10:04:54 PDT"]
[Termination "Durarbayli won by resignation"]

1. e4 e6 2. d4 d5 3. e5 c5 4. c3 Nc6 5. Nf3 Qb6 6. Be2 Bd7 7.
O-O Rc8 8. dxc5 Bxc5 9. b4 Bf8 10.
Na3 Nge7 11. Be3 Qd8 12. Bg5 h6 13. Nb5 Qb6 14. Nd6+ Kd8 15. Nxf7+ Ke8 16. Nd6+ Kd8 17. Be3 Qc7 18. Nf7+ Ke8 19. Nxh8 Nxe5 20. Nxe5 Qxe5 21. Bh5+ 1-0